Cogmind - Beta 16 @@@ ROGUE MODE // 2025.12.24 @ 16:07:32 Player: BlobtheGreat Result: Destroyed by B-75 Beast with Magnetic Acceleration Cannon Performance ------------- Evolutions (4) 2000 Regions Visited (18) 3600 Robots Destroyed (270) 1350 Value Destroyed (11816) 11816 Prototype IDs (41) 820 Alien Tech Used (0) 0 Bonus (6638) 6638 TOTAL SCORE: 26224 Bonus ------- High Alert Combat Kills 2012 Follower Combat Kills 1750 Entered Garrisons 1000 Used RIF Installer 2000 Aligned with FarCom 300 Friendly Fire -424 Cogmind --------- Core Integrity 0/850 Matter 213/300 Energy 167/900 System Corruption 9% Temperature Cool (0) Movement Walking (360) Ox3 Location -6/Garrison Parts ------- > --- POWER (1) -------- Hybrid Fission Core > --- PROPULSION (4) --- Advanced VSS Leg > --- UTILITY (7) ------ Advanced Heat Sink High-capacity Storage Unit Relay Coupler [Grunt] (2) Relay Coupler [Heavy] (15) Relay Coupler [Behemoth] (3) > --- WEAPON (3) ------- Heavy Laser Greatsword > --- INVENTORY (20) --- Advanced VSS Leg Advanced VSS Leg Advanced Heat Sink Experimental Sensor Array Advanced Weapon Cycler Advanced Phase Shifter Relay Coupler [NC] (31) Relay Coupler [Swarmer] (31) Relay Coupler [Hunter] (13) Thief Drone Bay (3/3) Heavy Laser Compact HERF Cannon Tiamat Missile Launcher Remote Datajack Improved Plasma Cutter Peak State ------------ > --- POWER ------------ Fission Core > --- PROPULSION ------- Enhanced Armored Leg Myomer Leg Biometal Leg Improved Thunder Leg > --- UTILITY ---------- Advanced Heat Sink Improved Cooling System High-capacity Storage Unit Enhanced Optical Array Advanced Weapon Cycler Advanced Phase Shifter Relay Coupler [Heavy] > --- WEAPON ----------- Gatling Laser Gatling Laser Gatling Laser > --- INVENTORY -------- Flexi-carbon Leg Thunder Leg Myomer Leg Experimental Sensor Array IFF Parser Advanced Phase Shifter Relay Coupler [NC] Relay Coupler [Swarmer] Relay Coupler [Grunt] Relay Coupler [Hunter] Relay Coupler [Behemoth] Thief Drone Bay Compact HERF Cannon Heavy Plasma Cannon Tiamat Missile Launcher Remote Datajack Improved Plasma Cutter Greatsword [Rating: 95] Favorites ----------- Power Light Nuclear Core Engine Ion Engine Power Core Light Nuclear Core Reactor Light Quantum Reactor Propulsion Light Treads Treads Light Treads Leg Myomer Leg Hover Unit Improved Airjet Utility High-capacity Storage Unit Device Improved Heat Sink Storage High-capacity Storage Unit Processor Enhanced Optical Array Hackware Relay Coupler [Heavy] Protection Improved Light Armor Plating Weapon Gatling Laser Energy Gun Gatling Laser Energy Cannon Heavy Plasma Cannon Ballistic Gun Improved Assault Rifle Ballistic Cannon Mini Assault Cannon Launcher Rocket Launcher Special Weapon Remote Datajack Impact Weapon Hammer Slashing Weapon Greatsword Build | -11 -10 -10 -9 -9 -9 -8 -8 -8 -7 -7 -7 -7 -6 -6 -6 -6 -6 -6 ------- Run | Yrd Mat Min Mat Min Exi Min Mat Gar Fac Gar Fac Gar Fac Was Fac Gar Fac Gar Slots Evolved 8 | . . . 2 . . . 2 . 2 . . . 2 . . . . . Power . | . . . . . . . . . . . . . . . . . . . Propulsion 2 | . . . 1 . . . . . 1 . . . . . . . . . Utility 5 | . . . 1 . . . 1 . 1 . . . 2 . . . . . Weapon 1 | . . . . . . . 1 . . . . . . . . . . . Parts Attached 168 | 7 2 5 15 . 8 3 5 17 3 9 17 20 21 2 9 10 2 13 Power 12 | 1 . 1 1 . . . . 1 1 . 1 1 3 . . . 1 1 Engine 3 | 1 . . 1 . . . . . . . . . 1 . . . . . Core 8 | . . 1 . . . . . 1 1 . 1 1 1 . . . 1 1 Reactor 1 | . . . . . . . . . . . . . 1 . . . . . Propulsion 47 | 2 2 . 3 . 4 1 3 5 1 2 2 6 5 . 1 5 . 5 Treads 27 | 2 2 . 3 . 3 . 3 5 1 2 1 5 . . . . . . Leg 18 | . . . . . 1 1 . . . . 1 1 3 . 1 5 . 5 Wheel . | . . . . . . . . . . . . . . . . . . . Hover 2 | . . . . . . . . . . . . . 2 . . . . . Flight . | . . . . . . . . . . . . . . . . . . . Utility 55 | 2 . 3 6 . 1 2 . 6 1 3 7 6 7 . 6 2 1 2 Device 27 | 1 . 2 2 . . 1 . 3 . 3 5 3 4 . 2 1 . . Storage 6 | 1 . 1 2 . 1 . . . . . 1 . . . . . . . Processor 4 | . . . . . . . . . . . . . 1 . 2 . 1 . Hackware 6 | . . . . . . . . . . . . 1 1 . 1 1 . 2 Protection 12 | . . . 2 . . 1 . 3 1 . 1 2 1 . 1 . . . Artifact . | . . . . . . . . . . . . . . . . . . . Weapon 54 | 2 . 1 5 . 3 . 2 5 . 4 7 7 6 2 2 3 . 5 Energy Gun 21 | . . . . . . . . 2 . 2 1 5 5 1 1 2 . 2 Energy Cannon 2 | . . . . . . . . . . . . . . 1 1 . . . Ballistic Gun 16 | 2 . . 5 . 2 . 2 1 . 1 3 . . . . . . . Ballistic Cannon 5 | . . 1 . . . . . . . . 1 2 . . . . . 1 Launcher 2 | . . . . . 1 . . . . . 1 . . . . . . . Special Weapon 3 | . . . . . . . . . . . 1 . . . . 1 . 1 Impact Weapon 2 | . . . . . . . . 2 . . . . . . . . . . Slashing Weapon 3 | . . . . . . . . . . 1 . . 1 . . . . 1 Piercing Weapon . | . . . . . . . . . . . . . . . . . . . Special Melee Weapon . | . . . . . . . . . . . . . . . . . . . Unidentified Prototypes 11 | . . 2 . . . . . . . 1 6 . 2 . . . . . Corrupted Parts 3 | . . . . . 1 . . . . . . 1 . . 1 . . . System Corruption 8 | . . . . . 4 . . . . . . 1 . . 3 . . . Parts Lost 61 | . . 1 2 . 9 1 1 8 3 3 . 13 4 . 2 . 2 12 Power 8 | . . . 1 . 1 . . . 1 . . 1 2 . . . 1 1 Propulsion 18 | . . . . . 5 . 1 4 . 1 . 2 1 . 1 . . 3 Utility 18 | . . . 1 . 1 1 . 2 1 1 . 6 1 . . . 1 3 Weapon 17 | . . 1 . . 2 . . 2 1 1 . 4 . . 1 . . 5 Highest Loss Streak 8 | . . 1 1 . 7 1 1 3 2 2 . 5 2 . 1 . 2 8 To Critical Strikes 1 | . . . . . . . . . 1 . . . . . . . . . Average Backups 16 | 4 7 8 16 20 17 12 11 14 15 15 18 20 18 18 17 18 18 18 Power . | . 1 1 . . . . . . . 1 1 1 . . . . . . Propulsion 3 | 3 3 3 2 3 2 . 1 2 1 2 3 4 4 4 3 2 3 2 Utility 6 | . 1 3 5 6 6 5 5 7 7 7 6 7 7 6 6 9 9 9 Weapon 5 | . 1 1 8 10 9 6 5 4 6 5 5 6 5 6 5 4 4 4 Tool/Special . | . . . . . . . . . . . . . . . . . . . Unused Backups 23 | . 4 . 1 1 1 . . . . 1 1 . 4 . 2 2 . 6 Power 2 | . . . . . . . . . . 1 . . 1 . . . . . Propulsion 5 | . 4 . . . . . . . . . . . . . 1 . . . Utility 8 | . . . . . . . . . . . . . 1 . . 2 . 5 Weapon 8 | . . . 1 1 1 . . . . . 1 . 2 . 1 . . 1 Tool/Special . | . . . . . . . . . . . . . . . . . . . Average Slot Usage (%) 92 | . 99 99 95 100 82 81 75 94 94 87 83 83 91 100 99 100 99 94 Engine 2 | . 13 2 5 11 6 . . . . . . . . . . . . . Core 4 | . . 11 5 . . . . 7 6 7 7 7 1 6 6 6 5 5 Treads 16 | . 28 28 33 33 26 11 7 26 29 20 15 18 2 . . . . . Leg 8 | . . . . . 2 21 14 . . . . . 21 26 25 26 26 24 Device 17 | . 14 14 12 11 11 9 9 15 11 22 26 16 21 20 20 20 23 20 Storage 8 | . 14 14 11 11 11 11 9 9 7 7 7 7 6 6 6 6 6 6 Processor 1 | . . . . . . . . . . . . . 5 6 6 6 6 5 Hackware 1 | . . . . . . . . . . . . . 1 6 6 6 6 10 Protection 5 | . . . 5 11 6 7 9 9 13 6 3 9 4 6 6 6 2 . Energy Gun 9 | . . . . . . . . 14 13 13 8 15 12 19 19 17 19 11 Ballistic Gun 10 | . 27 15 19 22 18 21 27 10 7 5 11 3 . . . . . . Ballistic Cannon 1 | . . 12 2 . . . . . . . 1 2 4 . . . . . Peak Build Rating 95 | 7 7 18 21 20 22 21 25 36 41 70 87 83 87 78 81 92 95 91 Average Rating 50 | 6 6 9 17 19 18 20 23 31 37 54 78 67 76 74 75 87 90 84 On Entrance 43 | . 7 7 11 19 20 18 21 22 33 37 65 80 65 74 75 81 91 91 Avg Prop Armor Cover (%) 9 | . . . . . 14 8 7 . . . . 9 . . . . . . Naked Turns . | . . . . . . . . . . . . . . . . . . . Heaviest Build 122 | 14 14 31 55 55 95 30 34 48 72 72 122 119 112 72 76 76 70 70 Greatest Support 150 | 40 40 40 60 60 60 31 60 62 80 150 150 150 95 85 85 101 101 101 Greatest Overweight (x) 5 | . . . . . 2 1 1 1 . 1 . 1 5 . 1 . . 3 Average Overweight (x) . | . . . . . . . . . . . . . . . . . . . Largest Inventory Capacity 25 | 8 8 15 20 20 25 15 15 15 20 20 25 25 25 20 20 20 20 20 Average Capacity 19 | 7 8 12 19 20 20 15 15 15 17 20 23 25 21 20 20 20 20 20 Most Carried 25 | 7 8 10 20 20 23 13 15 15 20 20 25 25 25 20 20 20 20 20 Average Carried 18 | 4 7 8 16 20 17 12 11 14 16 19 23 24 20 20 19 19 19 19 Final Capacity 25 | 8 8 15 20 20 15 15 15 15 20 20 25 25 20 20 20 20 20 20 Final Carried 25 | 7 8 10 20 20 12 12 15 15 20 19 25 25 20 20 18 20 20 15 Class Distribution -------------------- 30% | Mutant 29% | Scavenger-Tank 17% | Tank 8% | Bothacker-Tank 6% | Scavenger-Mutant 4% | Bothacker-Gunner Dominant Class ---------------- Mutant | -10/Materials Mutant | -10/Mines Mutant | -9/Materials Mutant | -9/Mines Mutant | -9/Exiles Mutant | -8/Mines Tank | -8/Materials Scavenger-Tank | -8/Garrison Scavenger-Tank | -7/Factory Scavenger-Tank | -7/Garrison Scavenger-Tank | -7/Factory Scavenger-Tank | -7/Garrison Scavenger-Tank | -6/Factory Tank | -6/Waste Tank | -6/Factory Bothacker-Tank | -6/Garrison Bothacker-Gunner | -6/Factory Bothacker-Gunner | -6/Garrison Resources | -11 -10 -10 -9 -9 -9 -8 -8 -8 -7 -7 -7 -7 -6 -6 -6 -6 -6 -6 ----------- Run | Yrd Mat Min Mat Min Exi Min Mat Gar Fac Gar Fac Gar Fac Was Fac Gar Fac Gar Matter Collected 6489 | 354 138 165 462 21 120 366 378 739 161 337 607 783 617 90 214 512 46 379 Remotely . | . . . . . . . . . . . . . . . . . . . Salvage Created 11837 | 156 411 79 731 84 372 260 553 964 370 1236 1192 1376 850 1166 646 784 117 490 Parts 495 | 14 25 4 44 7 23 17 33 43 9 38 58 63 23 1 12 46 4 31 Haulers Intercepted 11 | . 2 . 3 . . . 3 . . . 1 . 1 . 1 . . . Recyclers Shooed 7 | 1 1 . . . . 1 . . . . 1 . 3 . . . . . Parts Field Recycled . | . . . . . . . . . . . . . . . . . . . Retrieved Matter . | . . . . . . . . . . . . . . . . . . . Parts Self-Destructed . | . . . . . . . . . . . . . . . . . . . Prevented . | . . . . . . . . . . . . . . . . . . . Parts Restored . | . . . . . . . . . . . . . . . . . . . Kills | -11 -10 -10 -9 -9 -9 -8 -8 -8 -7 -7 -7 -7 -6 -6 -6 -6 -6 -6 ------- Run | Yrd Mat Min Mat Min Exi Min Mat Gar Fac Gar Fac Gar Fac Was Fac Gar Fac Gar Combat Hostiles Destroyed 231 | . 6 2 16 . 10 8 9 28 9 13 20 36 11 6 14 24 3 16 Melee 1 | . . . . . . . . . . . 1 . . . . . . . Guns 184 | . 6 2 12 . 5 7 9 28 9 13 15 26 8 6 10 18 2 8 Cannons 18 | . . . 4 . . . . . . . 4 6 1 . . . . 3 AOE 19 | . . . . . 5 1 . . . . . 2 . . 2 4 . 5 Classes Destroyed 18 | 2 4 . 2 . 3 . . 2 . . 2 . 1 1 . 1 . . Worker 7 | . 1 . 2 . . 1 . . . . 1 . 1 . 1 . . . Builder 1 | . . . . . . . . . . . . . 1 . . . . . Tunneler 6 | 4 . . . 1 . 1 . . . . . . . . . . . . Hauler 11 | . 2 . 3 . . . 3 . . . 1 . 1 . 1 . . . Recycler 9 | 1 2 . . . . 1 1 . . . 2 . 2 . . . . . Operator 1 | . . . . . . . . . . . 1 . . . . . . . Watcher 2 | . . . 1 . . . 1 . . . . . . . . . . . Swarmer 55 | . 2 . 6 . . 5 4 8 2 3 . 12 . . 3 9 1 . Cutter 13 | . . . . . . . . 2 . . . . . . . 6 . 5 Grunt 87 | . 4 2 6 . 6 2 3 15 5 10 9 6 2 . 10 2 . 5 Brawler 5 | . . . . . 1 1 . 1 1 . . 1 . . . . . . Duelist 3 | . . . . . . . . 1 . . . 1 . . . . . 1 Sentry 25 | . . . 4 . . . . 1 . . 3 10 3 . 1 3 . . Specialist 4 | . . . . . . . . . . . 2 2 . . . . . . Hunter 13 | . . . . . 2 . 2 . . . . 1 4 . . 1 2 1 Programmer 19 | . . . . . 1 . . . 1 . 6 3 2 . . 2 . 4 Behemoth 1 | . . . . . . . . . . . . . . . . 1 . . Compactor 6 | . . . . . . . . . . . . . . 6 . . . . Thug 1 | . . . . 1 . . . . . . . . . . . . . . Guerrilla 1 | . . . . . . . . . . . . . . . . 1 . . Best Kill Streak 9 | 2 3 2 7 1 5 5 8 9 4 4 4 8 3 2 5 4 2 6 Combat Bots Only 9 | . 2 2 6 . 5 3 4 9 4 4 4 8 2 2 4 4 2 6 Max Kills in Single Turn 4 | 1 1 1 2 1 3 2 1 2 1 2 1 2 1 1 2 4 1 2 Gunslinging 1 | . . . . . . 1 . 1 . 1 . 1 . . . . . . Exploded 4 | . . . . . 3 1 . . . . . 2 . . 2 4 . 2 Melee 1 | . . . . . . . . . . . 1 . . . . . . . Uniques/NPCs Destroyed . | . . . . . . . . . . . . . . . . . . . Combat | -11 -10 -10 -9 -9 -9 -8 -8 -8 -7 -7 -7 -7 -6 -6 -6 -6 -6 -6 -------- Run | Yrd Mat Min Mat Min Exi Min Mat Gar Fac Gar Fac Gar Fac Was Fac Gar Fac Gar Hostile Shots Fired 1322 | . 32 19 72 . 112 39 30 105 54 51 94 334 132 . 55 64 34 95 Missed 402 | . 7 5 20 . 30 14 4 30 19 10 28 114 40 . 14 26 12 29 Hits 920 | . 25 14 52 . 82 25 26 75 35 41 66 220 92 . 41 38 22 66 Melee 12 | . . . . . . 1 . 2 2 . . 2 . . . 1 . 4 Projectile 908 | . 25 14 52 . 82 24 26 73 33 41 66 218 92 . 41 37 22 62 AOE 5 | . . . . . . . . 2 . . . . . . . 1 . 2 Critical Strikes 30 | . . . 2 . 1 1 1 1 5 1 3 3 3 . . 1 2 6 Part Disruptions 3 | . . . . . . . . . . . 1 2 . . . . . . Damage Taken 13058 | . 298 206 537 2 1206 274 281 1262 554 559 750 2339 1342 . 804 542 377 1725 Core 1726 | . 49 38 79 . 106 74 63 155 34 30 42 189 265 . 114 60 46 382 Absorbed by Shields 460 | . . . . . . . . . 45 73 285 34 . . . 23 . . Ignored by Resistances 12 | . . . . . . . . 12 . . . . . . . . . . Regen/Repaired (Parts) 114 | . . . . . . . . . . . . . . 73 41 . . . Core Remaining (%) 63 | 100 . 65 . . . 35 . 60 . . . 57 . . . . . . Volleys Fired 782 | 21 32 14 49 3 26 18 29 63 22 58 56 96 70 45 38 71 10 61 Largest 3 | 2 2 2 2 2 2 2 3 3 3 3 3 3 3 3 3 3 3 3 Hottest 250 | 40 40 50 53 46 50 50 78 188 185 185 195 240 240 240 240 250 240 250 Shots Fired 1777 | 42 64 27 98 6 45 33 87 177 58 129 170 233 138 121 97 142 25 85 Gun 1578 | 42 64 22 83 6 37 29 87 177 58 129 153 191 111 115 93 109 23 49 Cannon 154 | . . 5 15 . . . . . . . 16 37 24 . 1 31 2 23 Launcher 20 | . . . . . 8 4 . . . . . 1 . . 1 2 . 4 Special 25 | . . . . . . . . . . . 1 4 3 6 2 . . 9 Kinetic 809 | 42 64 27 98 6 37 29 87 122 22 50 115 81 24 . . . . 5 Thermal 914 | . . . . . . . . 55 36 79 54 139 111 115 94 140 25 66 Explosive 20 | . . . . . 8 4 . . . . . 1 . . 1 2 . 4 Electromagnetic 9 | . . . . . . . . . . . . 8 . . . . . 1 Robot Hit Streak 43 | 5 9 13 14 4 17 10 7 15 9 43 9 25 22 28 17 21 6 16 Robot Miss Streak 9 | 2 3 1 2 3 2 3 5 7 4 5 5 9 4 3 6 5 8 4 Penetration Max 1 | . . . . . . . 1 . . . . 1 . . . . . . Secondary Targets 36 | . 2 . 2 . . 2 . 11 4 3 2 3 1 . 2 3 . 1 Max Gunslinging Chain 1 | . 1 . 1 . . 1 . 1 1 1 1 1 1 . 1 1 . 1 Shots Hit Robots 1267 | 28 41 20 75 4 35 20 45 107 47 114 108 176 100 114 74 79 18 62 Core Hits 680 | 8 19 4 33 4 24 13 23 59 27 59 47 93 53 47 52 64 10 41 Critical Kills 2 | . . . . . . . . . . . 1 1 . . . . . . Critical Parts Destroyed 10 | . 1 . . . . 2 . 3 . . 4 . . . . . . . Critical Strikes 24 | . 1 1 . . . 2 . 3 . 4 8 2 2 . . . . 1 Burn 6 | . . . . . . . . . . 4 2 . . . . . . . Destroy 13 | . 1 . . . . 2 . 3 . . 6 1 . . . . . . Blast 4 | . . 1 . . . . . . . . . 1 2 . . . . . Sever 1 | . . . . . . . . . . . . . . . . . . 1 Melee Attacks 37 | . . . . . . . . 13 . 12 5 . 4 . . . . 3 Impact 13 | . . . . . . . . 13 . . . . . . . . . . Slashing 24 | . . . . . . . . . . 12 5 . 4 . . . . 3 Piercing . | . . . . . . . . . . . . . . . . . . . Sneak Attacks 1 | . . . . . . . . . . . 1 . . . . . . . Combat Hostiles . | . . . . . . . . . . . . . . . . . . . Follow-up Attacks . | . . . . . . . . . . . . . . . . . . . Damage Inflicted 30754 | 312 478 275 1280 106 1114 718 821 2398 1042 2998 2844 4381 2236 3010 1989 2226 366 2160 Guns 25497 | 310 474 207 1023 67 460 327 809 2398 1042 2287 2306 3758 1901 3010 1751 1958 366 1043 Cannons 1703 | . . 68 243 . . . . . . . 248 473 313 . . . . 358 Explosions 2344 | . . . . . 654 382 . . . . . 150 . . 230 268 . 660 Melee 1076 | . . . . . . . . . . 711 266 . . . . . . 99 Ramming 134 | 2 4 . 14 39 . 9 12 . . . 24 . 22 . 8 . . . Kinetic 9395 | 310 474 275 1266 67 460 327 809 1123 249 631 1582 1353 313 . . . . 156 Thermal 17655 | . . . . . . . . 1275 793 1656 972 2773 1901 3010 1751 1958 366 1200 Explosive 2344 | . . . . . 654 382 . . . . . 150 . . 230 268 . 660 Electromagnetic 150 | . . . . . . . . . . . . 105 . . . . . 45 Impact . | . . . . . . . . . . . . . . . . . . . Slashing 1076 | . . . . . . . . . . 711 266 . . . . . . 99 Piercing . | . . . . . . . . . . . . . . . . . . . Highest Corruption 9 | . . . . . 6 6 . . 3 3 5 8 2 2 5 5 5 9 Average Corruption 4 | . . . . . 3 6 . . 3 3 4 7 1 2 2 5 5 6 Corruption Purged . | . . . . . . . . . . . . . . . . . . . Corruption Blocked . | . . . . . . . . . . . . . . . . . . . Effects 217 | . . . . . 8 15 . . 4 24 35 45 4 10 16 29 8 19 Message Errors 51 | . . . . . 1 2 . . . 6 4 16 3 2 5 8 2 2 Matter Fused 46 | . . . . . 1 6 . . 1 4 6 9 . 2 1 7 3 6 Heat Flow Errors 21 | . . . . . 1 . . . 1 2 5 2 . 2 2 3 . 3 Energy Discharges 25 | . . . . . 2 1 . . 1 4 4 4 . 1 3 1 . 4 Parts Rejected 4 | . . . . . 1 . . . . 1 . . . . . 2 . . Parts Fused 4 | . . . . . . . . . . 2 . 1 . 1 . . . . Data Loss (minor) 25 | . . . . . 1 2 . . 1 1 7 4 1 2 1 4 . 1 Data Loss (major) 11 | . . . . . . 1 . . . . 2 2 . . 2 1 2 1 Misfires 16 | . . . . . 1 2 . . . . 5 4 . . 1 1 1 1 Alerts 5 | . . . . . . . . . . 2 1 2 . . . . . . Weapon Failures 9 | . . . . . . 1 . . . 2 1 1 . . 1 2 . 1 Overload Shots 4 | . . . . . . . . . . . . . 4 . . . . . Overflow Damage 270 | . . . . . . . . . . 2 43 30 . . 71 . . 124 Projectiles 82 | . . . . . . . . . . . 31 30 . . . . . 21 Explosions 174 | . . . . . . . . . . . . . . . 71 . . 103 Melee 14 | . . . . . . . . . . 2 12 . . . . . . . Knockbacks 16 | . . 2 . 1 . . . . . . 3 1 8 . . . . 1 Impact 2 | . . . . 1 . . . . . . 1 . . . . . . . Kinetic 14 | . . 2 . . . . . . . . 2 1 8 . . . . 1 Secondary . | . . . . . . . . . . . . . . . . . . . Self-Inflicted Damage 297 | . . . . . . 16 . . . . . . . . . 37 . 244 Shots 6 | . . . . . . 1 . . . . . . . . . 1 . 4 Rammed 13 | 1 1 . 3 4 . . 2 . . . 2 . . . . . . . Targets Rammed 20 | 1 2 . 3 4 . 2 2 . . . 2 . 3 . 1 . . . Kicked 6 | . . . . . . 2 . . . . . . 3 . 1 . . . Crushed 1 | . 1 . . . . . . . . . . . . . . . . . Highest Temperature 447 | . 18 9 8 . 72 18 12 271 322 185 229 390 313 300 447 251 130 280 Average Temperature 82 | . 7 7 2 . 51 10 6 68 113 49 43 110 79 107 117 72 58 50 Received Heat Transfer 2650 | . 138 114 165 . 78 54 72 513 162 237 108 415 132 . 282 51 . 129 Effects 4 | . . . . . . . . . 1 . . . . . 3 . . . Shutdowns 1 | . . . . . . . . . . . . . . . 1 . . . Energy Bleed 2 | . . . . . . . . . 1 . . . . . 1 . . . Matter Decay 1 | . . . . . . . . . . . . . . . 1 . . . Siege Activations . | . . . . . . . . . . . . . . . . . . . Martial Activations . | . . . . . . . . . . . . . . . . . . . Shielding Activations . | . . . . . . . . . . . . . . . . . . . Robots Disrupted . | . . . . . . . . . . . . . . . . . . . Combat Hostiles . | . . . . . . . . . . . . . . . . . . . Robots Corrupted . | . . . . . . . . . . . . . . . . . . . Combat Hostiles . | . . . . . . . . . . . . . . . . . . . Parts Fried 2 | . . . . . . . . 2 . . . . . . . . . . Impact Corruptions . | . . . . . . . . . . . . . . . . . . . Robots Melted 9 | . . . . . . . . . . . . 2 2 . 2 2 1 . Combat Hostiles 9 | . . . . . . . . . . . . 2 2 . 2 2 1 . Parts Melted 94 | . . . . . . . . 3 7 6 8 17 17 3 8 14 4 7 Heat Transferred 37541 | . . . . . . . . 2650 1675 3439 1976 5824 3681 6875 3925 4275 825 2396 Parts Sabotaged . | . . . . . . . . . . . . . . . . . . . Parts Stolen . | . . . . . . . . . . . . . . . . . . . Parts Stripped . | . . . . . . . . . . . . . . . . . . . Power Chain Reactions . | . . . . . . . . . . . . . . . . . . . Alert | -11 -10 -10 -9 -9 -9 -8 -8 -8 -7 -7 -7 -7 -6 -6 -6 -6 -6 -6 ------- Run | Yrd Mat Min Mat Min Exi Min Mat Gar Fac Gar Fac Gar Fac Was Fac Gar Fac Gar Maximum Alert Level 4 | . . . . . . . . 3 2 3 2 4 2 . 3 4 3 3 Low Security (%) 37 | 100 100 100 100 100 . 100 100 5 . . . . . 100 21 . . . Level 1 19 | . . . . . . . . 36 . 19 68 8 58 . 19 . . . Level 2 26 | . . . . . . . . 27 100 65 31 37 41 . 54 38 . 47 Level 3 12 | . . . . . . . . 30 . 14 . 38 . . 4 18 100 52 Level 4 4 | . . . . . . . . . . . . 16 . . . 43 . . Level 5 . | . . . . . . . . . . . . . . . . . . . High Security . | . . . . . . . . . . . . . . . . . . . Max Security . | . . . . . . . . . . . . . . . . . . . Peak Influence 1465 | 10 96 40 187 43 . 144 144 870 485 849 505 1183 620 119 723 1465 885 915 Initial 768 | . . 4 . 43 . . 16 89 456 325 445 347 620 119 . 498 768 557 Average 383 | . 30 2 75 2 . 45 71 529 453 586 382 767 415 20 377 960 831 735 Influence Increases 8939 | 25 275 50 509 5 1037 244 258 901 229 554 679 1005 278 . 1262 987 188 453 Destroy 0b10 Robot/C 5310 | . 120 40 320 . 840 160 180 600 180 260 400 635 165 . 540 495 60 315 Destroy 0b10 Robot/NC 228 | 25 25 . 30 5 . 15 25 . . 30 25 . 20 . 16 . 12 . Destroy Leader 744 | . 44 10 98 . . 20 48 20 30 10 132 38 66 . 132 40 16 40 Allied During Kill 745 | . . . . . 197 . . 9 . . . 4 . . 381 115 3 36 Successful Hack 165 | . 10 . 31 . . . 4 7 . 14 52 11 2 . 11 11 . 12 Select Force Hacks 30 | . . . 30 . . . . . . . . . . . . . . . Disable Machine 189 | . . . . . . . . . 15 . 30 . 12 . 36 12 72 12 Anti-Garrison Action 803 | . . . . . . . . 200 . 200 . 213 . . . 190 . . Destroy Structure 509 | . 1 . . . . 34 1 50 4 25 40 68 13 . 86 124 25 38 Partial Spotted 27 | . . . . . . . . 15 . . . . . . 12 . . . Lose Combat Pursuer 189 | . 75 . . . . 15 . . . 15 . 36 . . 48 . . . Influence Decreases 8089 | 25 264 61 398 116 312 925 164 169 634 170 1031 320 1120 340 550 234 857 399 Entered New Map 3918 | . . 7 . 68 . 725 28 49 414 140 404 150 562 221 . 214 697 239 Time Decay 3161 | 25 264 54 378 48 182 190 126 . 190 . 607 . 518 119 340 . 120 . Lost Part 600 | . . . 20 . 90 10 10 80 30 30 . 130 40 . 20 . 20 120 Lost Ally 410 | . . . . . 40 . . 40 . . 20 40 . . 190 20 20 40 Squads Dispatched 36 | . 2 . 4 . . . 3 . 2 . 11 . 5 . 8 . 1 . Investigation 8 | . 1 . 2 . . . . . . . 1 . 1 . 3 . . . Extermination 10 | . . . . . . . . . . . 6 . 2 . 2 . . . Reinforcement 15 | . 1 . 2 . . . 1 . 1 . 4 . 2 . 3 . 1 . Assault . | . . . . . . . . . . . . . . . . . . . Garrison 3 | . . . . . . . 2 . 1 . . . . . . . . . Intercept . | . . . . . . . . . . . . . . . . . . . Searches Triggered . | . . . . . . . . . . . . . . . . . . . Construction Impeded 4 | . . . 1 . . . . . . . . . . . 2 . 1 . Haulers Reinforced 2 | . . . . . . . . . . . 1 . . . 1 . . . Active Scanning Responses . | . . . . . . . . . . . . . . . . . . . Cargo Convoy Interrupts 1 | . . . . . . . . . . . 1 . . . . . . . Stealth | -11 -10 -10 -9 -9 -9 -8 -8 -8 -7 -7 -7 -7 -6 -6 -6 -6 -6 -6 --------- Run | Yrd Mat Min Mat Min Exi Min Mat Gar Fac Gar Fac Gar Fac Was Fac Gar Fac Gar Distress Signals 6 | . 3 . . . . . . . 1 . . . . . 2 . . . Communications Jammed 16 | . . . . . . . . . . . . . 16 . . . . . Distress Signals 16 | . . . . . . . . . . . . . 16 . . . . . Times Spotted 319 | . 17 2 26 . 23 10 15 29 13 20 22 37 15 6 30 26 5 23 Peak Tracking Total 8 | . 5 2 4 . 5 4 4 6 4 4 3 5 4 2 8 5 2 6 Tactical Retreats 12 | . 5 . . . . 1 . . . 1 . 1 . . 4 . . . Traps | -11 -10 -10 -9 -9 -9 -8 -8 -8 -7 -7 -7 -7 -6 -6 -6 -6 -6 -6 ------- Run | Yrd Mat Min Mat Min Exi Min Mat Gar Fac Gar Fac Gar Fac Was Fac Gar Fac Gar Traps Triggered 31 | . 3 . 1 . . . . 5 1 3 3 5 3 . 2 2 . 3 Indirectly . | . . . . . . . . . . . . . . . . . . . Trap Hack Attempts . | . . . . . . . . . . . . . . . . . . . Triggered . | . . . . . . . . . . . . . . . . . . . Disarmed . | . . . . . . . . . . . . . . . . . . . Reprogrammed . | . . . . . . . . . . . . . . . . . . . Reused . | . . . . . . . . . . . . . . . . . . . Traps Extracted . | . . . . . . . . . . . . . . . . . . . Installed . | . . . . . . . . . . . . . . . . . . . Triggered . | . . . . . . . . . . . . . . . . . . . Machines | -11 -10 -10 -9 -9 -9 -8 -8 -8 -7 -7 -7 -7 -6 -6 -6 -6 -6 -6 ---------- Run | Yrd Mat Min Mat Min Exi Min Mat Gar Fac Gar Fac Gar Fac Was Fac Gar Fac Gar Machines Disabled 31 | . . . . . 2 . . 3 1 1 2 5 1 . 3 6 6 1 Max in Single Turn 1 | . . . . . 1 . . 1 1 1 1 1 1 . . 1 . 1 Garrison Access 1 | . . . . . . . . . . . . . 1 . . . . . Garrison Relay 10 | . . . . . . . . 2 . . . 3 . . . 5 . . Machines Repaired . | . . . . . . . . . . . . . . . . . . . Machines Dismantled 2 | . . . . . . . . . . . . . . . . 2 . . Machines Sabotaged . | . . . . . . . . . . . . . . . . . . . Overloaded Fab Kills . | . . . . . . . . . . . . . . . . . . . Hacking | -11 -10 -10 -9 -9 -9 -8 -8 -8 -7 -7 -7 -7 -6 -6 -6 -6 -6 -6 --------- Run | Yrd Mat Min Mat Min Exi Min Mat Gar Fac Gar Fac Gar Fac Was Fac Gar Fac Gar Machines Accessed 61 | . 7 1 7 1 1 1 3 3 3 2 11 1 8 . 8 2 1 1 Terminals 40 | . 7 . 6 . . 1 2 3 2 2 7 1 3 . 3 2 . 1 Fabricators 6 | . . . . . . . . . . . 3 . 1 . 2 . . . Repair Stations . | . . . . . . . . . . . . . . . . . . . Recycling Units 5 | . . . 1 . . . . . . . . . 2 . 2 . . . Scanalyzers 1 | . . . . . . . . . . . . . 1 . . . . . Garrison Access 6 | . . . . . . . 1 . 1 . 1 . 1 . 1 . 1 . Total Hacks 124 | . 19 1 18 1 1 1 4 4 6 5 22 2 20 . 12 6 1 1 Successful 52 | . 13 1 12 1 1 . 1 2 2 1 6 1 5 . 3 1 1 1 Failed 71 | . 6 . 6 . . 1 3 2 4 4 16 1 14 . 9 5 . . Catastrophic 16 | . . . . . . . 3 . 1 . 3 . 3 . 4 2 . . Database Lockouts 1 | . . . . . . . . . . . . . 1 . . . . . Manual 45 | . 14 . 12 . 1 . 4 . 2 . 5 . 4 . 3 . . . Terminals 85 | . 19 . 17 . . 1 3 4 5 5 12 2 6 . 4 6 . 1 Fabricators 16 | . . . . . . . . . . . 9 . 3 . 4 . . . Repair Stations . | . . . . . . . . . . . . . . . . . . . Recycling Units 11 | . . . 1 . . . . . . . . . 7 . 3 . . . Scanalyzers 3 | . . . . . . . . . . . . . 3 . . . . . Garrison Access 6 | . . . . . . . 1 . 1 . 1 . 1 . 1 . 1 . Terminal Hacks 24 | . 6 1 5 1 1 . . 2 1 1 2 1 1 . . 1 . 1 Part Schematic 1 | . . . . . . . . . 1 . . . . . . . . . Robot Analysis 4 | . 3 . 1 . . . . . . . . . . . . . . . Prototype ID Bank 2 | . 1 . . . . . . . . . 1 . . . . . . . Open Door 3 | . . 1 . 1 . . . 1 . . . . . . . . . . Level Access Points 1 | . . . 1 . . . . . . . . . . . . . . . Branch Access Points 1 | . . . 1 . . . . . . . . . . . . . . . Emergency Access Points 3 | . . . . . . . . 1 . . . 1 . . . 1 . . Hauler Manifests 3 | . . . 1 . . . . . . . 1 . 1 . . . . . Zone Layout 3 | . 2 . 1 . . . . . . . . . . . . . . . Garrison Registry 1 | . . . . . . . . . . 1 . . . . . . . . Security Stations 1 | . . . . . . . . . . . . . . . . . . 1 Proto ID Catalog 1 | . . . . . 1 . . . . . . . . . . . . . Fabricator Hacks 6 | . . . . . . . . . . . 3 . 1 . 2 . . . Network Status 3 | . . . . . . . . . . . 1 . 1 . 1 . . . Build 3 | . . . . . . . . . . . 2 . . . 1 . . . Repair Station Hacks . | . . . . . . . . . . . . . . . . . . . Recycling Unit Hacks . | . . . . . . . . . . . . . . . . . . . Scanalyzer 1 | . . . . . . . . . . . . . 1 . . . . . Retrieve Study 1 | . . . . . . . . . . . . . 1 . . . . . Garrison Access Hacks 6 | . . . . . . . 1 . 1 . 1 . 1 . 1 . 1 . Unlock Access 5 | . . . . . . . 1 . 1 . 1 . . . 1 . 1 . Seal Access 1 | . . . . . . . . . . . . . 1 . . . . . Unauthorized Hacks 15 | . 7 . 7 . . . . . . . . . 1 . . . . . Terminals 13 | . 7 . 6 . . . . . . . . . . . . . . . Assimilate 1 | . 1 . . . . . . . . . . . . . . . . . Botnet 1 | . 1 . . . . . . . . . . . . . . . . . Operators 1 | . . . 1 . . . . . . . . . . . . . . . Skim 10 | . 5 . 5 . . . . . . . . . . . . . . . Fabricators 1 | . . . . . . . . . . . . . 1 . . . . . Haulers 1 | . . . . . . . . . . . . . 1 . . . . . Repair Stations . | . . . . . . . . . . . . . . . . . . . Recycling Units 1 | . . . 1 . . . . . . . . . . . . . . . Tunnel 1 | . . . 1 . . . . . . . . . . . . . . . Scanalyzers . | . . . . . . . . . . . . . . . . . . . Garrison Access . | . . . . . . . . . . . . . . . . . . . Data Cores Recovered 1 | . . . . . . . . . . . 1 . . . . . . . Used 1 | . . . . . . . . . . . 1 . . . . . . . Hacking Detections 43 | . 7 . 5 . . . 2 1 2 1 8 1 6 . 8 1 . 1 Full Trace Events 2 | . . . . . . . . . . . . . 1 . 1 . . . Feedback Events . | . . . . . . . . . . . . . . . . . . . Feedback Blocked . | . . . . . . . . . . . . . . . . . . . Robot Schematics Acquired . | . . . . . . . . . . . . . . . . . . . Robots Built 2 | . . . . . . . . . . . . . . . 2 . . . Authchips . | . . . . . . . . . . . . . . . . . . . Time 40 | . . . . . . . . . . . . . . . 40 . . . Total Robot Build Rating 2 | . . . . . . . . . . . . . . . 2 . . . Part Schematics Acquired 1 | . . . . . . . . . 1 . . . . . . . . . Parts Built 4 | . . . . . . . . . . . 4 . . . . . . . Authchips . | . . . . . . . . . . . . . . . . . . . Time 153 | . . . . . . . . . . . 153 . . . . . . . Total Part Build Rating 22 | . . . . . . . . . . . 22 . . . . . . . Part Studies Acquired 1 | . . . . . . . . . . . . . 1 . . . . . Parts Repaired . | . . . . . . . . . . . . . . . . . . . Time . | . . . . . . . . . . . . . . . . . . . Parts Recycled . | . . . . . . . . . . . . . . . . . . . Recycled Matter . | . . . . . . . . . . . . . . . . . . . Retrieved Matter . | . . . . . . . . . . . . . . . . . . . Retrieved Components . | . . . . . . . . . . . . . . . . . . . Parts Scanalyzed . | . . . . . . . . . . . . . . . . . . . Part Schematics Acquired . | . . . . . . . . . . . . . . . . . . . Parts Damaged . | . . . . . . . . . . . . . . . . . . . Bothacking | -11 -10 -10 -9 -9 -9 -8 -8 -8 -7 -7 -7 -7 -6 -6 -6 -6 -6 -6 ------------ Run | Yrd Mat Min Mat Min Exi Min Mat Gar Fac Gar Fac Gar Fac Was Fac Gar Fac Gar Used RIF Installer 4 | . . . . . . . . 1 . 1 . 1 . . . 1 . . Hotswap 1 | . . . . . . . . . . 1 . . . . . . . . Threat Obfuscator 1 | . . . . . . . . . . . . 1 . . . . . . Signal Jammer 1 | . . . . . . . . . . . . . . . . 1 . . Robots Hacked 13 | . . . . . . . . . . . . . 2 6 1 . . 4 Non-combat 2 | . . . . . . . . . . . . . 2 . . . . . Combat 11 | . . . . . . . . . . . . . . 6 1 . . 4 Robot Hacks Applied 15 | . . . . . . . . . . . . . 2 6 1 . . 6 parse_system 1 | . . . . . . . . . . . . . . . . . . 1 find_chute 1 | . . . . . . . . . . . . . 1 . . . . . drop_inventory 1 | . . . . . . . . . . . . . 1 . . . . . ignore_targets 6 | . . . . . . . . . . . . . . 6 . . . . overload_power 2 | . . . . . . . . . . . . . . . . . . 2 amplify_resonance 1 | . . . . . . . . . . . . . . . . . . 1 overwrite_iff 1 | . . . . . . . . . . . . . . . . . . 1 formatsys_high 2 | . . . . . . . . . . . . . . . 1 . . 1 Relay Couplers Released 45 | . . . . . . . . 10 . . . 16 . . . 19 . . Machine Destruction 41 | . . . . . . . . 10 . . . 12 . . . 19 . . Programmers 4 | . . . . . . . . . . . . 4 . . . . . . Attached 6 | . . . . . . . . . . . . 1 1 . 1 1 . 2 Fabnet Peak Effective % . | . . . . . . . . . . . . . . . . . . . Robots Rewired 3 | . . . . . . . . . . 1 . 2 . . . . . . Allies Hacked 1 | . . . . . . . . . . . 1 . . . . . . . Hacks Repelled . | . . . . . . . . . . . . . . . . . . . Allies | -11 -10 -10 -9 -9 -9 -8 -8 -8 -7 -7 -7 -7 -6 -6 -6 -6 -6 -6 -------- Run | Yrd Mat Min Mat Min Exi Min Mat Gar Fac Gar Fac Gar Fac Was Fac Gar Fac Gar Total Allies 34 | . . . . 2 . . . 2 . 1 . 2 . 18 3 2 . 4 Largest Group 18 | . . . . 2 . . . 2 . 1 1 2 . 18 18 3 1 3 Highest-Rated Group 638 | . . . . 45 . . . 40 . 12 12 52 . 638 638 187 90 189 Highest-Rated Ally 90 | . . . . 31 . . . 20 . 12 12 32 . 50 90 90 90 80 Total Orders . | . . . . . . . . . . . . . . . . . . . Ally Attacks 310 | . . . . . 101 . . 8 . 2 3 2 . . 118 37 5 34 Total Damage 10150 | . . . . . 4678 . . 264 . 12 14 21 . . 3093 933 295 840 Kills 77 | . . . . . 32 . . 2 . . . . . . 24 9 4 6 Allies Corrupted 3 | . . . . . 1 . . . . . . . . . 2 . . . Allies Melted . | . . . . . . . . . . . . . . . . . . . Turrets Deployed 3 | . . . . . 3 . . . . . . . . . . . . . Intel | -11 -10 -10 -9 -9 -9 -8 -8 -8 -7 -7 -7 -7 -6 -6 -6 -6 -6 -6 ------- Run | Yrd Mat Min Mat Min Exi Min Mat Gar Fac Gar Fac Gar Fac Was Fac Gar Fac Gar Active Infowar (turns) 9253 | 82 889 874 112 . . . . . . . 796 1440 1431 762 865 1126 251 625 Optics 4331 | . . . . . . . . . . . . . 1399 762 865 1126 179 . Sensors 4 | . . 1 . . . . . . . . . . 3 . . . . . IFF 958 | . . . . . . . . . . . . . . . 224 . 109 625 Traps 2 | . . . . . . . . . . . . . 2 . . . . . Seismic 3965 | 82 889 873 112 . . . . . . . 796 1213 . . . . . . Jamming 1376 | . . . . . . . . . . . . 227 1031 . 118 . . . Robot Analysis Total 4 | . 3 . 1 . . . . . . . . . . . . . . . Derelict Logs Recovered 4 | . . 2 . 2 . . . . . . . . . . . . . . Drone Launches . | . . . . . . . . . . . . . . . . . . . Drone Recoveries . | . . . . . . . . . . . . . . . . . . . Exploration | -11 -10 -10 -9 -9 -9 -8 -8 -8 -7 -7 -7 -7 -6 -6 -6 -6 -6 -6 ------------- Run | Yrd Mat Min Mat Min Exi Min Mat Gar Fac Gar Fac Gar Fac Was Fac Gar Fac Gar Turns Passed 17342 | 205 894 878 1277 987 883 580 268 1352 382 1063 1978 1483 1431 762 865 1126 251 677 Spaces Moved 9020 | 82 415 509 539 606 348 434 89 662 167 432 1059 624 802 465 552 723 157 355 Core 3 | 3 . . . . . . . . . . . . . . . . . . Treads 5488 | 79 415 509 539 606 294 . 18 662 167 432 1059 624 84 . . . . . Legs 3529 | . . . . . 54 434 71 . . . . . 718 465 552 723 157 355 Wheels . | . . . . . . . . . . . . . . . . . . . Hover . | . . . . . . . . . . . . . . . . . . . Flight . | . . . . . . . . . . . . . . . . . . . Fastest Speed 50 | 50 160 160 160 160 160 120 160 152 160 160 160 160 120 122 122 117 117 102 Average Speed 149 | 155 160 160 160 160 189 121 183 159 160 178 160 173 140 122 122 118 117 118 Slowest Speed 470 | 160 160 160 160 160 320 190 190 232 160 240 160 240 470 122 193 122 117 360 Overloaded Moves . | . . . . . . . . . . . . . . . . . . . Propulsion Burnouts . | . . . . . . . . . . . . . . . . . . . Robots Hopped 1 | . . . . . 1 . . . . . . . . . . . . . Potential Cave-ins 6 | . . . . . . . . . . . 6 . . . . . . . Cave-ins Triggered . | . . . . . . . . . . . . . . . . . . . Exploration Rate (%) 54 | 6 84 97 56 97 61 76 13 85 7 67 34 72 23 96 24 88 6 51 Regions Visited 18 Branch Regions 4 Pre-discovered Areas 9 | . 1 1 4 3 . . . . . . . . . . . . . . Known Exits Taken 7 | . . . 1 . . 1 1 . 1 . 1 . . . 1 . 1 . Unknown Exits Taken 5 | 1 1 1 . 1 1 . . . . . . . . . . . . . Scrap Searched 6 | . . 1 . 2 . 3 . . . . . . . . . . . . Spaces Dug 89 | . . . . . . . . . . . 6 . 12 . 1 40 2 28 Terrain Destroyed 250 | . . . . . 17 48 2 3 . . 50 27 18 . 1 40 2 42 Melee 4 | . . . . . . . . . . . . . 4 . . . . . Projectile 79 | . . . . . . . 2 3 . . 50 6 14 . 1 . 2 1 AOE 167 | . . . . . 17 48 . . . . . 21 . . . 40 . 41 Terrain Rammed . | . . . . . . . . . . . . . . . . . . . Walls Destroyed . | . . . . . . . . . . . . . . . . . . . Machines Disabled . | . . . . . . . . . . . . . . . . . . . Actions | -11 -10 -10 -9 -9 -9 -8 -8 -8 -7 -7 -7 -7 -6 -6 -6 -6 -6 -6 --------- Run | Yrd Mat Min Mat Min Exi Min Mat Gar Fac Gar Fac Gar Fac Was Fac Gar Fac Gar Total 11343 | 117 587 546 853 618 529 459 141 797 229 595 1215 807 1008 543 668 887 207 537 Wait 883 | . 121 11 226 . 138 . 12 21 29 10 40 32 44 25 49 20 33 72 Move 9005 | 81 414 508 538 605 345 433 89 661 167 431 1059 623 802 464 552 722 156 355 Hop 1 | . . . . . 1 . . . . . . . . . . . . . Pick Up 97 | 7 6 3 11 3 3 1 2 5 4 5 11 6 13 . 4 7 1 5 Fast Attach 102 | 7 4 2 5 . 1 2 3 9 2 7 12 15 13 1 5 4 2 8 Attach 57 | . 1 1 2 . 7 1 1 6 2 4 3 7 11 . 2 . 1 8 Detach 28 | . . . 2 . 1 . 2 1 . 4 5 5 3 . 2 . 1 2 Swap 122 | . 1 4 8 . 2 2 1 12 3 1 5 13 10 7 8 32 3 10 Drop 127 | . 6 3 9 3 5 . 1 6 . 13 17 8 25 1 7 12 . 11 Fire 782 | 21 32 14 49 3 26 18 29 63 22 58 56 96 70 45 38 71 10 61 Melee 37 | . . . . . . . . 13 . 12 5 . 4 . . . . 3 Ram . | . . . . . . . . . . . . . . . . . . . Kick 6 | . . . . . . 2 . . . . . . 3 . 1 . . . Crush 13 | 1 2 . 3 4 . . 1 . . . 2 . . . . . . . Escape Stasis 28 | . . . . . . . . . . 6 . 2 10 . . 8 . 2 Rewire 44 | . . . . . . . . . . 44 . . . . . . . . Trap . | . . . . . . . . . . . . . . . . . . . Miscellaneous 11 | . . . . . . . . . . . . . . . . 11 . . Route ------- -11/Scrapyard -10/Materials (discovered 3 exits: *Mat x2 / *Min) -10/Mines (discovered 2 exits: *Mat x2) -9/Materials (discovered 4 exits: *Mat x3 / *Min) -9/Mines (discovered 3 exits: *Mat x2 / *Exi) -9/Exiles -8/Mines -8/Materials -8/Garrison (discovered 3 exits: *Fac x3) -7/Factory (discovered 2 exits: Sto / Gar) -7/Garrison (discovered 4 exits: *Fac x4) -7/Factory (discovered 3 exits: [*Low x2] / Gar) -7/Garrison (discovered 3 exits: *Fac x3) -6/Factory -6/Waste -6/Factory (discovered 3 exits: [*Fac] / [*Low] / Gar) -6/Garrison (discovered 3 exits: *Fac x3) -6/Factory -6/Garrison (discovered 1 exit: [*Fac]) History --------- Turn | Location | Event 42 | -11/Scrapyard | Discovered new exit (range 15) 206 | -11/Scrapyard | Entered Materials 302 | -10/Materials | Build established: Mutant 368 | -10/Materials | Discovered new exit (range 8) 751 | -10/Materials | Discovered new exit (range 10) 826 | -10/Materials | Learned 4 Recycling zone layouts 884 | -10/Materials | Learned location of Mines (-10) 906 | -10/Materials | Learned Storage trap positions 919 | -10/Materials | Learned Storage interactive machine intel 941 | -10/Materials | Learned 4 Subcaves zone layouts 1067 | -10/Materials | Discovered new exit (range 16) 1100 | -10/Materials | Entered Mines 1323 | -10/Mines | Learned Materials terminal intel 1327 | -10/Mines | Discovered new exit (range 8) 1366 | -10/Mines | Learned location of Zion (-6) 1388 | -10/Mines | Found the Drone Emporium 1394 | -10/Mines | Found Prototype Device 1394 | -10/Mines | Identified Thief Drone Bay 1619 | -10/Mines | Discovered new exit (range 10) 1723 | -10/Mines | Found a damaged Exp. Sensor Array with a note attached 1729 | -10/Mines | Found Prototype Device 1732 | -10/Mines | Identified Exp. Sensor Array 1978 | -10/Mines | Entered Materials 1978 | -9/Materials | Evolved 2 slots: Propulsion x1, Utility x1 1979 | -9/Materials | Loaded intel: 12 terminal locations 2364 | -9/Materials | Build established: Scavenger-Mutant 2380 | -9/Materials | Discovered new exit (range 8) 2687 | -9/Materials | Identified exit to Mines 2873 | -9/Materials | Build established: Mutant 2961 | -9/Materials | Identified exit to Materials 3061 | -9/Materials | Learned location of Recycling (-7) 3227 | -9/Materials | Learned Storage security intel 3255 | -9/Materials | Entered Mines 3290 | -9/Mines | Learned location of Storage (-7) 3349 | -9/Mines | Received a Rocket Launcher from a helpful Derelict 3683 | -9/Mines | Met a Derelict who couldn't figure out how to use a Trap Extractor 4080 | -9/Mines | Deemed a non-threat by the Exiles lab entrance 4080 | -9/Mines | Discovered new exit (range 5) 4242 | -9/Mines | Entered Exiles 4281 | -9/Exiles | Met 8R-AWN 4308 | -9/Exiles | Met EX-HEX 4356 | -9/Exiles | Met EX-BIN 4378 | -9/Exiles | Aligned with FarCom system 4380 | -9/Exiles | Given EX-Vault access code 4417 | -9/Exiles | Opened EX-Vault 4458 | -9/Exiles | Warned to stay clear of 0b10 Research branches 4482 | -9/Exiles | Exiles lab attacked by MAIN.C 4574 | -9/Exiles | Found Deploy-a-Sentry 4577 | -9/Exiles | Found Deploy-a-Sentry 4580 | -9/Exiles | Found Deploy-a-Sentry 4685 | -9/Exiles | DAS Turret deployed 4689 | -9/Exiles | DAS Turret deployed 4696 | -9/Exiles | DAS Turret deployed 4787 | -9/Exiles | Attacked by the Exiles 4822 | -9/Exiles | Lost 7 parts (1p3n1u2w) 4998 | -9/Exiles | Discovered new exit (range 14) 5125 | -9/Exiles | Entered Mines 5290 | -8/Mines | Core integrity fell below 50% 5666 | -8/Mines | Discovered exit to Materials (range 9) 5705 | -8/Mines | Entered Materials 5705 | -8/Materials | Evolved 2 slots: Utility x1, Weapon x1 5870 | -8/Materials | Garrison activated, responded to threat 5968 | -8/Materials | Identified exit to Garrison 5970 | -8/Materials | Garrison activated, responded to threat 5973 | -8/Materials | Entered Garrison 6046 | -8/Garrison | Triggered checkpoint 6051 | -8/Garrison | Garrison Relay disabled 6100 | -8/Garrison | Lost 3 parts (2u1w) 6501 | -8/Garrison | Triggered checkpoint 6546 | -8/Garrison | Triggered checkpoint 6546 | -8/Garrison | Triggered checkpoint 6592 | -8/Garrison | Destroyed 9 combat bots 6614 | -8/Garrison | Discovered new exit (range 8) 6629 | -8/Garrison | Triggered checkpoint 6676 | -8/Garrison | Garrison Relay disabled 6893 | -8/Garrison | Discovered new exit (range 13) 6906 | -8/Garrison | Rescued a captive Derelict 6908 | -8/Garrison | Rescued a captive Derelict 6987 | -8/Garrison | Triggered checkpoint 7076 | -8/Garrison | Installed Relay Interface Framework 7101 | -8/Garrison | Build established: Scavenger-Tank 7260 | -8/Garrison | Discovered new exit (range 11) 7325 | -8/Garrison | Entered Factory 7325 | -7/Factory | Evolved 2 slots: Propulsion x1, Utility x1 7326 | -7/Factory | Identified exit to Storage 7654 | -7/Factory | Garrison activated, responded to threat 7707 | -7/Factory | Identified exit to Garrison 7707 | -7/Factory | Entered Garrison 7743 | -7/Garrison | Triggered checkpoint 7892 | -7/Garrison | Triggered checkpoint 7929 | -7/Garrison | Triggered checkpoint 8115 | -7/Garrison | Warlord forces raided the area 8163 | -7/Garrison | Triggered checkpoint 8180 | -7/Garrison | Discovered new exit (range 12) 8321 | -7/Garrison | Triggered checkpoint 8418 | -7/Garrison | Discovered new exit (range 14) 8418 | -7/Garrison | Discovered new exit (range 80) 8418 | -7/Garrison | Discovered new exit (range 80) 8418 | -7/Garrison | Discovered new exit (range 63) 8425 | -7/Garrison | Triggered checkpoint 8533 | -7/Garrison | Rescued a captive Derelict 8537 | -7/Garrison | Rescued a captive Derelict 8613 | -7/Garrison | Triggered checkpoint 8636 | -7/Garrison | Heavy support dispatched to Factory 8654 | -7/Garrison | Expanded RIF knowledge: Hotswap 8672 | -7/Garrison | Lost 5 allies 8770 | -7/Garrison | Entered Factory 8770 | -7/Factory | Accompanied by 1 ally 8958 | -7/Factory | Fabricated Neutrino Core (x2) 9530 | -7/Factory | Cargo convoy interrupted 9650 | -7/Factory | Discovered new exit (range 11) 10024 | -7/Factory | Discovered new exit (range 16) 10087 | -7/Factory | Build established: Tank 10609 | -7/Factory | Fabricated Hvy. Machine Gun? 10748 | -7/Factory | Identified exit to Garrison 10748 | -7/Factory | Entered Garrison 10840 | -7/Garrison | Triggered checkpoint 11032 | -7/Garrison | Build established: Scavenger-Tank 11050 | -7/Garrison | Garrison Relay disabled 11117 | -7/Garrison | Triggered checkpoint 11124 | -7/Garrison | Triggered checkpoint 11204 | -7/Garrison | Discovered new exit (range 12) 11294 | -7/Garrison | Triggered checkpoint 11295 | -7/Garrison | Lost 3 parts (1p1u1w) 11421 | -7/Garrison | Garrison Relay disabled 11579 | -7/Garrison | Expanded RIF knowledge: Threat Obfuscation 11670 | -7/Garrison | Triggered checkpoint 11758 | -7/Garrison | Garrison Relay disabled 11792 | -7/Garrison | Discovered new exit (range 12) 11860 | -7/Garrison | Triggered checkpoint 12014 | -7/Garrison | Lost 5 parts (3u2w) 12032 | -7/Garrison | Destroyed 8 combat bots 12168 | -7/Garrison | Discovered new exit (range 8) 12231 | -7/Garrison | Entered Factory 12231 | -6/Factory | Evolved 2 slots: Utility x2 12286 | -6/Factory | Central database locked down 12379 | -6/Factory | Build established: Bothacker-Tank 13041 | -6/Factory | Build established: Scavenger-Tank 13221 | -6/Factory | Discovered new exit (range 11) 13662 | -6/Factory | Sucked down chute 13662 | -6/Factory | Entered Waste 13669 | -6/Waste | Spotted C-40 Crusher 13674 | -6/Waste | Spotted C-40 Crusher 13719 | -6/Waste | Destroyed C-40 Crusher 13720 | -6/Waste | Spotted C-40 Crusher 13763 | -6/Waste | Spotted C-40 Crusher 13821 | -6/Waste | Spotted C-40 Crusher 13827 | -6/Waste | Destroyed C-40 Crusher 13851 | -6/Waste | Spotted C-40 Crusher 13903 | -6/Waste | Build established: Tank 13954 | -6/Waste | Destroyed C-40 Crusher 13977 | -6/Waste | Destroyed C-40 Crusher 13982 | -6/Waste | Destroyed C-40 Crusher 14050 | -6/Waste | Discovered new exit (range 12) 14120 | -6/Waste | Destroyed C-40 Crusher 14183 | -6/Waste | Warlord forces began an assault 14424 | -6/Waste | Entered Factory 14424 | -6/Factory | Accompanied by 18 allies 14488 | -6/Factory | Discovered new exit (range 14) 14788 | -6/Factory | Fabricated R-06 Scavenger? 15001 | -6/Factory | Lost 7 allies 15008 | -6/Factory | Discovered new exit (range 13) 15277 | -6/Factory | Identified exit to Garrison 15289 | -6/Factory | Entered Garrison 15289 | -6/Garrison | Accompanied by 1 ally 15365 | -6/Garrison | Triggered checkpoint 15387 | -6/Garrison | Rescued a captive Derelict 15388 | -6/Garrison | Rescued a captive Derelict 15410 | -6/Garrison | Garrison Relay disabled 15447 | -6/Garrison | Triggered checkpoint 15537 | -6/Garrison | Spotted B-75 Beast 15548 | -6/Garrison | Destroyed B-75 Beast 15700 | -6/Garrison | Build established: Bothacker-Tank 15702 | -6/Garrison | Triggered checkpoint 15746 | -6/Garrison | Discovered new exit (range 8) 15785 | -6/Garrison | Garrison Relay disabled 16002 | -6/Garrison | Discovered new exit (range 11) 16027 | -6/Garrison | Expanded RIF knowledge: Signal Jamming 16049 | -6/Garrison | Triggered checkpoint 16100 | -6/Garrison | Garrison Relay disabled 16163 | -6/Garrison | Triggered checkpoint 16240 | -6/Garrison | Triggered checkpoint 16243 | -6/Garrison | Core integrity fell below 50% 16275 | -6/Garrison | Garrison Relay disabled 16293 | -6/Garrison | Discovered new exit (range 11) 16333 | -6/Garrison | Garrison Relay disabled 16376 | -6/Garrison | Spotted Striker 16378 | -6/Garrison | Spotted Striker 16415 | -6/Garrison | Entered Factory 16415 | -6/Factory | Accompanied by 1 ally 16617 | -6/Factory | Identified exit to Garrison 16666 | -6/Factory | Entered Garrison 16686 | -6/Garrison | Triggered checkpoint 16809 | -6/Garrison | Learned Factory security intel 16833 | -6/Garrison | Triggered checkpoint 16874 | -6/Garrison | Discovered new exit (range 8) 16910 | -6/Garrison | Triggered checkpoint 16954 | -6/Garrison | Found embedded Infiltrators 17068 | -6/Garrison | Triggered checkpoint 17160 | -6/Garrison | Triggered checkpoint 17181 | -6/Garrison | Spotted B-75 Beast 17303 | -6/Garrison | Core integrity fell below 20% 17343 | -6/Garrison | Destroyed by B-75 Beast with Magnetic Acceleration Cannon Last Messages --------------- 17303_ The unstable cave ceiling collapses. 17307_ Thunder Leg destroyed. 17308_ Destroyed Remote Datajack. 17309_ System corrupted: Energy discharge (-4). 17309_ Hvy. Plasma Cannon destroyed. 17310_ Destroyed Shock Rifle. 17310_ Knocked back. 17313_ The unstable cave ceiling collapses. 17318_ System corrupted: Hvy. Laser failed to cycle. 17318_ Myomer Leg destroyed. 17320_ Core Analyzer destroyed. 17321_ Myomer Leg destroyed. 17326_ Mic. Nuclear Core melted. 17326_ P-60 Hacker destroyed. 17332_ B-75 Beast Imp. Medium Treads severed. 17333_ System corrupted: Matter fused (-8). 17340_ Knocked back. 17340_ Triggered Alarm Trap. 17340_ RIF jams signal. Map ----- +----------------------------------------------------+ | ?????????????# #[%#?????????# #?????????#" | | ?????????????# ##%#?????????######## #?????????## | | ?????????????# ##*##### #??????????# #??????????? | | ???????????### " #??????????# #??????????? | | ???????????# ! ##########??????????# #??????????? | | ???????????# =#???????????????????# #??????????? | | ???????????# = #???????????????????# #######????? | | ???????????### #???????????????????# ## #????? | | ?????????????# #??????????????????##%=## ###### | | ???????####### #"#????????????????#*!*^ # | | ???????# + "#????????????????# ! | | ??????# ##### "#????????????????#==! | | ?????????????# "#????????????????#!% ## ## # | | ?????????????# #"#??????????????###% ## ## # | | ?????????????#####??????????????# % " | | ????????????????????????????????# " | | ????????????????????????????????# " | | ????????????????????????????????# " | | ??????????????????###########???### ## ## # | | ????????###???????#"""""""""#?????# ## ## # | | ????????# ??????## %!!!!"##????# | | ????????# ??????# #????# | | ????????# ???????# #?????# [ # | | ??????### #??????### #######?????# [%##""""###### | | ??????#"# #?????##;;; ;######????# *#??????????? | | ??????#" "????## # ! BB@ # ##???# %#??????????? | | ??????#" "????# ; % BB!%% #???# %#??????????? | | ???????" "????## # %% %% ##???# #??????????? | | ????????# #??????# #????# #??????????? | | ????????# #####??## # ## #???# #??????????? | | ????????# " ##### ### # ##### #??????????? | | ????????# ! #??????????? | | ????????# ! #??????????? | | ????????## #??????????? | | ?????????# # ### # # # ###;#####??????????? | | ?????????##### ### # ##?? #??????????????? | | ?????????????# #?# # ##????#??????????????? | | ?????????????# #?####### #????????????????????? | | ?????????????# #???????" #????????????????????? | | ?????????????# #???????" #????????????????????? | | ?????????????# #???????" #????????????????????? | | ?????????????# #???????# #????????????????????? | | ?????????????# #???????# ????????????????????? | | ?????????????# #???????# ????????????????????? | | ?????????????# #???????#####???????????????????? | | ?????????????# #???????????????????????????????? | | ?????????????# #???????????????????????????????? | | ?????????????# #???????????????????????????????? | | ?????????????# #???????????????????????????????? | | ?????????????# #???????????????????????????????? | +----------------------------------------------------+ Best States ------------- Heat Dissipation 107 Energy Generation 25 Energy Capacity 900 Matter Stores 300 Matter Capacity 300 Sight Range 22 Robot Scan Range 20 Terrain Scan Density 10 Jamming Range 12 Armor Coverage 450 Resistance: TH 15 Weapon Cycling 30 Phase Shifting 15 Evasion (%) 70 Core Analysis 6 Recoil Reduction 4 Relay Coupler Types 3 Relay Coupler Value 37 Item Schematics ----------------- Greatsword | -7/Factory | Hacked Robot Schematics ------------------ None Fabricated ------------ Neutrino Core | x2 | -7/Factory | Preloaded Hvy. Machine Gun | x2 | -7/Factory | Preloaded R-06 Scavenger | x2 | -6/Factory | Preloaded Repaired ---------- Nothing Studied --------- Greatsword | -6/Factory | Hacked Alien Tech Used ----------------- None Achievements -------------- None Challenges ------------ None Game ------ Seed SapperTripodArmor Manual? 0 Play Time 01:43:15 Cumulative 233.2 hours Start 2025.12.24 @ 14:27:10 End 2025.12.24 @ 16:07:32 Sessions 1 Manual Loads 0 Difficulty Rogue Special Mode None Game No. 214 Rogue 214 Adventurer 0 Explorer 0 Win Type - Total 10 Types 7/0/2/0/0/0/0/0/0/1 Lore% 86 Gallery% 77 Achievement% 60 Wizard Run 0 Options --------- Layout 1 ASCII 0 Keyboard 1 Movement Arrows Keybinds 0 Fullscreen 1 Font 24/Smallcaps Map View 50x40 Zoom Use 0% Tactical HUD 1 Map Filters NONE Filters NONE Steam 1 RUN: 85494b97-0434-4d35-9499-ac209ddf7cb5